 Dungeon Crawl Stone Soup version 0.24-a0-441-g27f0392e16 (webtiles) character file.

Game seed: 871295503937069832

8 Ijustatesigmund the Chucker (level 2, -1/32 HPs)
             Began as an Ogre Hunter on June 19, 2019.
             Slain by a hobgoblin
             ... wielding a +0 club
              (3 damage)
             ... on level 1 of the Dungeon.
             The game lasted 00:00:50 (324 turns).

Ijustatesigmund the Chucker (Ogre Hunter)            Turns: 324, Time: 00:00:51

Health: -1/32      AC:  3    Str: 15    XL:     2   Next: 8%
Magic:  2/2        EV: 10    Int: 12    God:
Gold:   26         SH:  0    Dex:  9    Spells: 1/1 levels left

rFire    . . .     SeeInvis .   a - +0 short sword
rCold    . . .     Gourm    .   (no shield)
rNeg     . . .     Faith    .   b - +0 robe
rPois    .         Spirit   .   (helmet restricted)
rElec    .         Reflect  .   (no cloak)
rCorr    .         Harm     .   (gloves unavailable)
MR       .....                  (boots unavailable)
Stlth    +.........             (no amulet)
HPRegen  0.10/turn              (no ring)
MPRegen  0.08/turn              (no ring)

@: no status effects
A: large, unfitting armour, blink, high mp 1, tough skin 1
a: Blink


You were on level 1 of the Dungeon.
You were not hungry.

You visited 1 branch of the dungeon, and saw 1 of its levels.

You collected 26 gold pieces.

Inventory:

Hand Weapons
 a - a +0 short sword (weapon)
Missiles
 c - 4 large rocks (quivered)
Armour
 b - a +0 robe (worn)
Comestibles
 f - a ration


   Skills:
 + Level 3.7 Fighting
 - Level 4.0 Throwing
 - Level 1.7 Dodging
 - Level 0.6 Stealth


You had one spell level left.
You didn't know any spells.
Your spell library was empty.

Dungeon Overview and Level Annotations

Branches:
Dungeon (1/15)

Altars:


Innate Abilities, Weirdness & Mutations

You are too large for most types of armour.
You have tough skin. (AC +1)
You can translocate small distances at will.
You have an increased reservoir of magic. (+10% MP)


Message History

* * * LOW HITPOINT WARNING * * *
You closely miss the hobgoblin.
The hobgoblin is almost dead.
The hobgoblin barely misses you. The goblin barely misses you.
It was a potion of mutation.
You feel extremely strange.
You feel more energetic.
You feel jittery. The hobgoblin hits you with a +0 club.
* * * LOW HITPOINT WARNING * * *
The goblin closely misses you.
You blink.
You feel slightly more hungry.
Throwing (i - inventory)
c - 5 large rocks (quivered)
Press: ? - help, Shift-Dir - straight line, f/p - goblin
Aim: a goblin, wielding a +0 club You throw a large rock.
The large rock hits the goblin!
You kill the goblin!
The hobgoblin closely misses you.
You barely miss the hobgoblin.
The hobgoblin is almost dead.
The hobgoblin hits you with a +0 club.
You die...

### .. ##############
# ...........@.#
.........(g..#
.........lr..#
.............# ##
######.###### .# #.##
.# #..#
.############.#######
.....................


You could see a hobgoblin, a frilled lizard and a rat.

Vanquished Creatures
  2 bats (D:1)
  3 goblins (D:1)
  A hobgoblin (D:1)
  A frilled lizard (D:1)
7 creatures vanquished.

Notes
Turn   | Place    | Note
-------+----------+-------------------------------------------
     0 | D:1      | Ijustatesigmund the Ogre Hunter began the quest for the
                  | Orb.
     0 | D:1      | Reached XP level 1. HP: 22/22 MP: 1/1
   283 | D:1      | Reached XP level 2. HP: 13/31 MP: 2/2
   321 | D:1      | Gained mutation: You have an increased reservoir of magic.
                  | (+10% MP) [potion of mutation]
   321 | D:1      | Gained mutation: You can translocate small distances at
                  | will. [potion of mutation]
   324 | D:1      | Slain by a hobgoblin

Levels and vault maps discovered:
D:1:      minmay_arrival_diagonal_passages, layout_basic

Skill      XL: |  1 |
---------------+----+-----
Fighting       | 3 |  3.7
Throwing       | |  4.0
Dodging        | |  1.7
Stealth        | |  0.6

Action                   || total
-------------------------++-------
Melee: Short sword       ||    34
Throw: Throwing net      ||     2
       Large rock        ||     1
 Abil: Blink             ||     1
  Use: Potion            ||     1
Armor: Robe              ||    17
Dodge: Dodged            ||    26

Table legend:
 A = Non-vault XP
 B = Vault XP
 C = Vault XP percentage of total XP
 D = Non-vault monster count
 E = Vault monster count
 F = Vault count percentage of total count
                 A         B        C        D         E       F
            +---------+---------+-------+---------+---------+-------
      Total |      12 |       0 |   0.0 |       7 |       0 |   0.0
            +---------+---------+-------+---------+---------+-------
        D:1 |      12 |       0 |   0.0 |       7 |       0 |   0.0
            +---------+---------+-------+---------+---------+-------
